 Dungeon Crawl Stone Soup version 0.23-a0-143-g1adec7b (webtiles) character file.

148 galech the Chopper (level 5, -9/42 HPs)
             Began as a Demonspawn Monk on Sept 4, 2018.
             Killed by nerve-wracking pain
             ... invoked by Grinder
              (12 damage)
             ... on level 3 of the Dungeon.
             The game lasted 00:03:19 (2571 turns).

galech the Chopper (Demonspawn Monk)                Turns: 2571, Time: 00:03:19

Health: -9/42      AC:  7    Str: 11    XL:     5   Next: 8%
Magic:  5/5        EV: 12    Int: 11    God:
Gold:   90         SH:  0    Dex: 17    Spells: 4/4 levels left

rFire    + . .     SeeInvis .   a - +0 hand axe
rCold    x . .     Gourm    .   (no shield)
rNeg     . . .     Faith    .   m - +0 ring mail
rPois    .         Spirit   .   o - +0 helmet (curse)
rElec    .         Reflect  .   (no cloak)
rCorr    .         Harm     .   (no gloves)
MR       .....                  (no boots)
Stlth    ++........             (no amulet)
HPRegen  0.14/turn              k - ring of fire
MPRegen  0.09/turn              (no ring)

@: no status effects
A: rugged brown scales 1
a: no special abilities


You were on level 3 of the Dungeon.
You were hungry.

You visited 1 branch of the dungeon, and saw 3 of its levels.

You collected 90 gold pieces.

Inventory:

Hand Weapons
 a - a +0 hand axe (weapon)
Armour
 m - a +0 ring mail (worn)
 o - a cursed +0 helmet (worn)
Jewellery
 k - a ring of fire (left hand)
Wands
 p - a wand of scattershot (1)
Scrolls
 b - a scroll of blinking {unknown}
 d - 4 scrolls of identify {unknown}
 e - a scroll of fog {unknown}
 f - a scroll of teleportation {unknown}
 l - 2 scrolls of amnesia {unknown}
 n - a scroll of enchant weapon {unknown}
Potions
 h - 4 potions of lignification {unknown}
 i - a potion of might {unknown}
 j - a potion of haste {unknown}
 q - a potion of flight {unknown}
Comestibles
 c - 4 rations
 g - 4 chunks of flesh


   Skills:
 + Level 3.4 Fighting
 + Level 4.2 Axes
 + Level 0.4 Armour
 + Level 3.4 Dodging
 + Level 2.1 Stealth


You had 4 spell levels left.
You didn't know any spells.
Your spell library was empty.

Dungeon Overview and Level Annotations

Branches:
Dungeon (3/15)

Altars:
Yredelemnul

Annotations:
D:3 Grinder


Innate Abilities, Weirdness & Mutations

You are partially covered in rugged brown scales. (AC +1, +3% HP)


Message History

You closely miss Grinder.
Grinder is moderately wounded.
Grinder hits you.
* * * LOW HITPOINT WARNING * * *
You closely miss Grinder.
Grinder is moderately wounded.
Grinder says, "Mostly I couldn't keep them alive."
Grinder hits you!
* * * LOW HITPOINT WARNING * * *
You hit Grinder.
Grinder is moderately wounded.
Grinder hits you but does no damage.
You hit Grinder but do no damage.
Grinder is moderately wounded.
Grinder misses you.
You hit Grinder.
Grinder is moderately wounded.
Grinder gestures at you. Pain shoots through your body!
You die...

####...[.....#
#............#
#.###...##..###
# ##.........[.
#.#!.#.........
#.........#...
#..#......# .
#..##.5....#
...###..@<..#
.P... #.(.....#
_... #.......#
.P. ##.......#
...#..........#
#..>.......#
(..#####.####
... #.# #. ..#


You could see Grinder.

Vanquished Creatures
  Ijyb (D:2)
  2 orc wizards (D:2)
  2 adders (D:2)
  An ooze (D:1)
  2 dart slugs (D:1)
  2 leopard geckos
  2 orcs (D:2)
  2 giant cockroaches
  4 goblins
  8 hobgoblins
  3 kobolds
  A ball python (D:1)
  12 bats
  3 frilled lizards
  3 rats (D:1)
48 creatures vanquished.

Notes
Turn   | Place    | Note
-------+----------+-------------------------------------------
     0 | D:1      | galech the Demonspawn Monk began the quest for the Orb.
     0 | D:1      | Reached XP level 1. HP: 18/18 MP: 1/1
    75 | D:1      | Reached skill level 3 in Axes
    77 | D:1      | Gained mutation: You are partially covered in rugged brown
                  | scales. (AC +1, +3% HP) [demonic ancestry]
    77 | D:1      | Reached XP level 2. HP: 9/24 MP: 2/2
   683 | D:1      | Reached XP level 3. HP: 21/29 MP: 3/3
  1828 | D:2      | Reached XP level 4. HP: 36/36 MP: 4/4
  1975 | D:3      | Found a basalt altar of Yredelemnul.
  1978 | D:3      | Noticed Ijyb
  1979 | D:3      | Noticed Grinder
  2020 | D:2      | Killed Ijyb
  2430 | D:2      | Reached skill level 4 in Axes
  2433 | D:2      | Reached XP level 5. HP: 27/42 MP: 5/5
  2557 | D:3      | Paralysed by Grinder for 4 turns
  2571 | D:3      | Killed from afar by Grinder

Vault maps used:
D:1:      ebering_trefoil_3fold
D:3:      overflow_temple_1_default, yredelemnul_altar_generic, uniq_grinder,
          uniq_ijyb

Skill      XL: |  1  2  3  4 |
---------------+-------------+-----
Axes           | 3 4 |  4.2
Dodging        | 3 |  3.4
Stealth        | 2 |  2.1
Fighting       | |  3.4
Armour         | |  0.4

Action                   |  1- 3 |  4- 6 || total
-------------------------+-------+-------++-------
Melee: Hand axe          |   154 |    74 ||   228
 Stab: Sleeping          |     3 |       ||     3
  Eat: Chunk             |     3 |     2 ||     5
Armor: Robe              |    46 |       ||    46
       Ring mail         |     7 |    29 ||    36
Dodge: Dodged            |   149 |    58 ||   207

Table legend:
 A = Non-vault XP
 B = Vault XP
 C = Vault XP percentage of total XP
 D = Non-vault monster count
 E = Vault monster count
 F = Vault count percentage of total count
                 A         B        C        D         E       F
            +---------+---------+-------+---------+---------+-------
      Total |     176 |      36 |  17.0 |      47 |       1 |   2.1
            +---------+---------+-------+---------+---------+-------
        D:1 |      50 |       0 |   0.0 |      25 |       0 |   0.0
        D:2 |     124 |      36 |  22.5 |      21 |       1 |   4.5
        D:3 |       2 |       0 |   0.0 |       1 |       0 |   0.0
            +---------+---------+-------+---------+---------+-------
